Map: 10000 Feet LE

Players

Cypem - Winner!

  • Race: Zerg Zerg
  • League: Master
  • Spawn Location: 5:00

llllllllllll

  • Race: Terran Terran
  • League: Diamond
  • Spawn Location: 11:00

VOD

https://www.patreon.com/posts/zvt-macro-fast-146671196

Description

my coach showing me stuff

Time

  • Played on: Dec. 19, 2025, 8:20 a.m.
  • Length: 13:17
Show
View Real Time Build Order
Export as new Build Order

Cypem Zerg - Winner!

Build Orders: Hatch First 

Get SALT Encoding   

  12  0:00  Drone  
  13  0:08  Drone  
  14  0:14  Extractor  
  14  0:16  Drone  
  15  0:22  Overlord  
  15  0:42  Drone  
  16  0:47  Hatchery  
  15  0:50  Drone  
  15  0:53  Drone  
  18  0:57  Drone  
  18  1:09  Extractor  
  17  1:12  Spawning Pool  
  17  1:15  Drone  
  17  1:18  Drone  
  18  1:27  Drone  
  19  1:37  Drone  
  20  1:48  Drone  
  21  2:00  Queen x2  
  21  2:01  Zergling x4  
  27  2:14  Overlord  
  27  2:16  Drone  
  28  2:25  Hatchery  
  27  2:36  Drone x2  
  27  2:42  Drone x2  
  29  2:48  Queen  
  31  2:51  Overlord  
  31  2:57  Metabolic Boost  
  31  3:00  Drone x2  
  33  3:06  Overlord  
  33  3:12  Drone x3  
  36  3:13  Drone  
  36  3:16  Drone  
  38  3:23  Drone  
  38  3:24  Drone  
  40  3:31  Drone  
  40  3:32  Drone x2  
  43  3:34  Queen  
  43  3:38  Queen  
  47  3:50  Overlord  
  47  3:59  Zergling x10  
  47  4:02  Drone x3  
  55  4:08  Overlord  
  55  4:10  Drone x4  
  59  4:20  Drone  
  59  4:21  Drone x2  
  62  4:24  Queen  
  62  4:25  Drone x2  
  62  4:27  Overlord  
  62  4:29  Drone x2  
  68  4:32  Queen  
  68  4:34  Drone  
  71  4:39  Overlord  
  71  4:42  Drone  
  71  4:45  Overlord, Drone  
  73  4:54  Hatchery, Overlord  
  73  4:55  Drone x3  
  73  4:58  Drone x2  
  77  5:00  Drone  
  77  5:02  Lair  
  77  5:04  Spore Crawler  
  77  5:07  Spore Crawler  
  76  5:08  Drone x2  
  76  5:11  Queen  
  80  5:14  Spore Crawler  
  80  5:20  Drone x3  
  80  5:21  Drone  
  83  5:23  Baneling Nest  
  83  5:25  Drone x3  
  83  5:27  Drone  
  86  5:29  Overlord  
  86  5:35  Drone x5  
  90  5:36  Drone x2  
  90  5:42  Overlord  
  93  5:44  Drone x4  
  93  5:47  Extractor  
  93  5:48  Extractor  
  95  5:50  Extractor, Evolution Chamber x2  
  95  5:51  Zergling x2  
  95  5:54  Zergling x2  
  94  5:58  Zergling x4  
  94  6:03  Zergling x6  
  99  6:07  Centrifugal Hooks  
  99  6:08  Zergling x6  
  102  6:17  Overlord, Zergling x4  
  102  6:18  Zergling x2, Queen  
  104  6:20  Queen  
  104  6:22  Zerg Melee Weapons Level 1, Zerg Ground Armor Level 1  
  108  6:26  Spore Crawler  
  108  6:28  Zergling x16  
  108  6:31  Baneling x5  
  112  6:37  Zergling x12  
  108  6:49  Zergling x14  
  108  6:52  Zergling x2  
  108  6:53  Zergling x6  
  103  6:56  Zergling x10  
  107  7:02  Zergling x10  
  107  7:09  Zergling x2  
  108  7:17  Zergling x2  
  108  7:18  Zergling x12  
  114  7:22  Zergling x2  
  114  7:23  Zergling x2  
  114  7:25  Hatchery  
  114  7:31  Zergling x16  
  114  7:35  Zergling x10  
  127  7:41  Overseer  
  127  7:45  Overlord x4  
  127  7:56  Zergling x2  
  127  7:58  Baneling x9  
  127  8:03  Queen x2  
  131  8:07  Zergling x26  
  133  8:16  Queen  
  133  8:17  Zerg Melee Weapons Level 2, Zerg Ground Armor Level 2  
  124  8:20  Zergling x8  
  124  8:24  Drone x4  
  132  8:37  Overlord  
  132  8:38  Drone x2  
  132  8:39  Drone x4  
  132  8:40  Drone  
  139  8:42  Drone x3  
  142  8:49  Zergling x10  
  142  8:54  Hatchery  
  146  9:00  Zergling x20  
  155  9:09  Zergling x8  
  157  9:26  Zergling x18  
  157  9:29  Baneling  
  157  9:30  Baneling x10  
  165  9:31  Baneling x8  
  165  9:32  Baneling x2  
  165  9:37  Overlord  
  165  9:47  Infestation Pit  
  165  9:48  Overlord x7  
  163  9:55  Zergling x12  
  161  10:04  Zergling x16  
  155  10:15  Zergling x16  
  155  10:19  Zergling x8  
  145  10:25  Zergling x8  
  136  10:29  Hive  
  136  10:30  Zergling x2  
  126  10:38  Zergling x8  
  125  10:44  Zergling x8  
  126  10:51  Zergling x2  
  126  10:52  Zergling x12  
  119  10:57  Zergling x12  
  119  11:00  Zergling x6  
  125  11:09  Overlord  
  125  11:10  Zergling x12  
  131  11:11  Baneling x3  
  131  11:12  Baneling x7  
  131  11:20  Zergling x2  
  131  11:21  Zergling x26  
  145  11:30  Zergling x32  
  161  11:39  Spire  
  157  11:45  Zergling x18  
  157  11:46  Hatchery  
  147  11:50  Zergling x10  
  152  11:55  Overlord  
  152  12:00  Zergling x28  
  166  12:02  Spire, Drone  
  166  12:11  Zergling x10  
  171  12:15  Baneling  
  171  12:16  Baneling x10  
  171  12:23  Overlord  
  171  12:24  Drone x6  
  171  12:25  Drone x3  
  171  12:27  Zergling x18  
  171  12:28  Zergling x2  
  191  12:30  Zergling x6  
  193  12:38  Hatchery  
  193  12:43  Zergling x2  
  193  12:44  Zergling x22  
  197  12:47  Zergling x2  
  197  12:48  Zergling x8  
  189  12:52  Zergling x8  
Show
View Real Time Build Order
Export as new Build Order

llllllllllll Terran 

Build Orders: Reaper Expand 

Get SALT Encoding   

  12  0:00  SCV  
  13  0:12  SCV  
  14  0:17  Supply Depot  
  14  0:24  SCV  
  15  0:38  SCV  
  15  0:40  Barracks  
  15  0:42  Refinery  
  16  0:51  SCV  
  17  1:03  SCV  
  18  1:15  SCV  
  19  1:28  Orbital Command, Reaper  
  20  1:41  Command Center  
  20  1:49  Supply Depot  
  20  1:53  SCV  
  21  1:59  Marine  
  22  2:05  SCV  
  23  2:13  Factory  
  23  2:18  SCV  
  23  2:21  Barracks Reactor  
  24  2:30  SCV  
  25  2:42  SCV  
  25  2:43  Command Center  
  26  2:53  Orbital Command  
  26  3:01  SCV  
  31  3:05  Hellion  
  31  3:06  Hellion  
  31  3:13  SCV  
  31  3:14  Barracks  
  32  3:25  SCV  
  32  3:26  SCV  
  34  3:28  Hellion x2, Barracks Tech Lab  
  38  3:40  Barracks, Refinery, SCV  
  39  3:43  SCV  
  40  3:52  SCV  
  40  3:55  SCV  
  42  3:58  Orbital Command  
  42  4:01  Marine x2  
  42  4:02  Siege Tank  
  47  4:09  SCV  
  49  4:10  SCV  
  49  4:12  Refinery, Barracks Tech Lab  
  49  4:24  Marine  
  49  4:25  Marine  
  49  4:26  Barracks Reactor  
  49  4:28  SCV x3  
  54  4:32  Starport  
  54  4:33  Stimpack  
  54  4:36  Marine  
  55  4:40  Widow Mine  
  55  4:41  SCV x2  
  55  4:42  SCV  
  60  4:48  Refinery  
  60  4:55  SCV  
  61  5:04  SCV x2, Marine x3  
  66  5:10  Supply Depot  
  66  5:11  Supply Depot  
  66  5:13  Marine  
  66  5:14  Siege Tank, Marine  
  68  5:17  Starport Reactor  
  71  5:22  Supply Depot, Engineering Bay  
  71  5:26  Engineering Bay  
  71  5:29  SCV x3  
  74  5:41  SCV x3  
  75  5:44  Marine x5  
  75  5:49  Terran Infantry Armor Level 1  
  80  5:52  Supply Depot, Terran Infantry Weapons Level 1  
  80  5:55  SCV x2  
  82  6:00  Medivac x2  
  86  6:05  Supply Depot  
  86  6:07  Siege Tank  
  86  6:10  Armory  
  89  6:12  Orbital Command  
  89  6:20  Marine x3  
  89  6:21  Marine  
  89  6:22  Marine  
  94  6:35  Medivac x2  
  94  6:38  Marine x4  
  100  6:44  Marine  
  100  6:45  Siege Tank  
  91  6:56  Marine x3  
  91  6:57  Marine  
  91  6:58  SCV x3  
  91  7:00  Combat Shield  
  95  7:01  Barracks  
  95  7:02  Barracks, Marine  
  85  7:23  Marine x4  
  85  7:24  Siege Tank  
  85  7:25  Medivac x2  
  85  7:26  SCV  
  85  7:27  SCV x2  
  99  7:33  Barracks  
  99  7:34  Barracks x2  
  99  7:40  SCV x3  
  99  7:41  Terran Vehicle Weapons Level 1  
  102  7:46  Terran Infantry Armor Level 2  
  102  7:47  Terran Infantry Weapons Level 2  
  102  7:51  Refinery  
  102  7:52  SCV x2  
  104  7:59  Marine x2  
  106  8:10  Marine x2  
  104  8:18  SCV x3  
  99  8:20  Marine x3  
  99  8:21  Marine x3  
  105  8:30  SCV x2  
  105  8:31  SCV  
  108  8:39  Factory  
  108  8:40  Command Center, Marine x4  
  113  8:42  Barracks Reactor x2  
  113  8:43  Barracks Tech Lab x2  
  113  8:46  Barracks Tech Lab  
  112  8:54  SCV x2  
  112  8:55  SCV  
  115  8:58  Supply Depot x2  
  115  9:00  Supply Depot  
  115  9:02  Supply Depot  
  115  9:16  SCV x2  
  117  9:17  Sensor Tower  
  117  9:19  SCV  
  117  9:22  Supply Depot  
  117  9:24  Supply Depot  
  117  9:25  Marauder x4  
  117  9:26  Medivac, Siege Tank  
  117  9:27  Medivac  
  131  9:35  Factory Tech Lab  
  131  9:36  Factory  
  131  9:38  Refinery  
  131  9:44  Sensor Tower  
  131  9:49  Marauder x4  
  131  9:50  Marine x2  
  136  10:04  Marine  
  136  10:05  Marine x5  
  142  10:08  Marine x2  
  114  10:14  Marine x3  
  114  10:15  Marine  
  114  10:17  SCV x2  
  101  10:22  Marine  
  101  10:25  Marine x5  
  92  10:31  Marine x2  
  92  10:32  Marine x4  
  88  10:36  Terran Infantry Armor Level 3  
  88  10:40  Marine  
  88  10:42  Marine  
  88  10:43  Marine x2  
  88  10:45  Orbital Command  
  90  10:51  Marine  
  90  10:56  Marine x2  
  91  10:57  Marine x3  
  91  10:58  Marine x3  
  91  11:00  Marine  
  96  11:07  Siege Tank  
  99  11:20  Factory Tech Lab  
  99  11:23  SCV x2  
  101  11:27  Orbital Command  
  101  11:29  SCV  
  102  11:35  Marauder x2  
  93  11:48  SCV  
  93  11:49  SCV x2  
  93  11:51  Siege Tank x2  
  100  11:56  Marauder  
  100  11:59  Marauder x2  
  106  12:03  Marauder  
  106  12:06  Siege Tank  
  111  12:08  Refinery  
  111  12:15  Ghost Academy  
  111  12:16  Command Center  
  111  12:28  Marauder x4  
  119  12:40  Siege Tank  
  97  12:53  Marine x4  
Tags
 
Add a new tag
Caveats
  • Supply blocks, unpowered buildings, or Contaminate may cause inaccurate times.
  • Supply counts are checked every 10 seconds.